AoeStats
← bilenoffice

Fortress

509468473Analyzed
4v4 RM · 4d ago on Sep 26, 2026· 45m 48s· 8 players
Game mode
Random Map
Map size
Huge
Population
200
Speed
Normal
Resources
Standard
Victory
Conquest
Starting age
Dark Age
Ending age
Imperial Age
RankedLock teamsTeams togetherTeam positionsShared explorationLock speedFull tech treeHidden civsTurbo modeCheats
Victory
Defeat
🇲🇽 Britons · Mexico
734
+7
🇹🇷 Khmer · Türkiye
728
+8
🇹🇷 Celts · Türkiye
720
+8
🇹🇷 Khmer · Türkiye
717
+8
🇮🇹 Persians · Italy
581
-10
🇦🇷 Celts · Argentina
539
-8
🇧🇷 Japanese · Brazil
511
-7
🇨🇱 Britons · Chile
478
-6
Cap-Royers
1:25 Loom
9:40 Feudal Age
7:56 Loom
10:33 Horse Collar
10:42 Double-Bit Axe
10:51 Gold Mining
10:52 Stone Mining
13:00 Wheelbarrow
22:25 Castle Age
23:12 Fletching
23:23 Padded Archer Armor
23:29 Scale Barding Armor
26:29 Imperial Age
24:15 Hand Cart
26:43 Bow Saw
26:23 Pikeman
29:08 Heavy Plow
30:52 Leather Archer Armor
30:40 Scale Mail Armor
35:20 Caravan
36:49 Light Cavalry
Ykaru_C
5:27 Loom
8:57 Feudal Age
11:14 Double-Bit Axe
11:18 Horse Collar
11:09 Man-at-Arms
14:11 Gold Mining
16:26 Stone Mining
17:08 Scale Mail Armor
17:19 Forging
19:23 Castle Age
17:19 Arson
20:29 Chain Mail Armor
20:50 Iron Casting
21:12 Gold Shaft Mining
21:25 Stone Shaft Mining
20:42 Gambesons
22:36 Bow Saw
22:55 Long Swordsman
24:08 Heavy Plow
24:26 Padded Archer Armor
24:20 Fletching
25:29 Bodkin Arrow
35:17 Imperial Age
37:39 Hoardings
38:05 Plate Mail Armor
38:52 Blast Furnace
37:57 Elite Woad Raider
39:14 Hoardings
39:26 Onager
44:15 Two-Handed Swordsman
m91bpm
0:33 Loom
9:02 Feudal Age
10:38 Wheelbarrow
10:55 Double-Bit Axe
12:17 Town Watch
15:58 Castle Age
14:02 Horse Collar
17:24 Hand Cart
17:31 Stone Mining
17:38 Gold Mining
26:21 Kamandaran
28:20 Bow Saw
29:18 Forging
29:08 Scale Mail Armor
29:14 Scale Barding Armor
29:10 Padded Archer Armor
29:01 Fletching
29:27 Heavy Plow
30:32 Ballistics
30:07 Murder Holes
30:03 Guard Tower
30:24 Masonry
32:06 Caravan
35:43 Imperial Age
33:16 Town Patrol
35:24 Cavalier
36:05 Husbandry
37:27 Two-Man Saw
36:37 Thumb Ring
35:53 Crossbowman
37:07 Citadels
37:46 Stone Shaft Mining
37:50 Gold Shaft Mining
37:51 Crop Rotation
38:34 Chemistry
38:05 Architecture
38:15 Iron Casting
37:56 Chain Mail Armor
37:58 Leather Archer Armor
38:46 Savar
41:50 Chain Barding Armor
42:31 Blast Furnace
42:02 Plate Mail Armor
42:02 Ring Archer Armor
estagio.musc
3:59 Loom
10:22 Feudal Age
11:03 Man-at-Arms
11:46 Double-Bit Axe
11:46 Horse Collar
13:08 Wheelbarrow
12:19 Town Watch
12:41 Gold Mining
12:45 Stone Mining
13:39 Arson
22:55 Castle Age
21:03 Padded Archer Armor
20:54 Fletching
24:35 Hand Cart
25:03 Gold Shaft Mining
24:34 Heavy Plow
24:17 Pikeman
24:58 Squires
25:29 Bodkin Arrow
25:54 Leather Archer Armor
27:04 Town Patrol
27:40 Treadmill Crane
28:11 Fortified Wall
27:57 Murder Holes
29:00 Ballistics
31:01 Masonry
34:16 Imperial Age
34:48 Yasama
34:49 Arrowslits
35:38 Ring Archer Armor
35:08 Bracer
36:10 Kataparuto
36:56 Chemistry
wigfunk
4:18 Loom
7:45 Feudal Age
16:12 Castle Age
15:16 Wheelbarrow
18:07 Caravan
17:56 Double-Bit Axe
30:23 Hand Cart
33:29 Yeomen
32:32 Pikeman
33:12 Squires
32:58 Arson
33:29 Fletching
33:46 Town Watch
33:26 Elite Skirmisher
34:50 Bow Saw
34:23 Horse Collar
35:19 Town Patrol
35:59 Bodkin Arrow
36:05 Padded Archer Armor
40:42 Imperial Age
38:42 Leather Archer Armor
38:38 Forging
38:29 Scale Mail Armor
38:52 Ballistics
38:14 Treadmill Crane
38:44 Masonry
39:27 Scale Barding Armor
41:15 Iron Casting
40:38 Murder Holes
40:54 Fortified Wall
40:36 Guard Tower
40:47 Elite Longbowman
41:48 Conscription
41:31 Onager
41:46 Halberdier
42:50 Heavy Plow
43:08 Chain Mail Armor
43:41 Cavalier
44:22 Husbandry
43:43 Light Cavalry
MentalHP
7:48 Feudal Age
14:23 Castle Age
20:44 Double-Bit Axe
20:45 Horse Collar
22:51 Fortified Wall
23:10 Masonry
24:05 Wheelbarrow
23:16 Loom
24:16 Gold Mining
24:16 Stone Mining
23:52 Pikeman
32:46 Imperial Age
31:49 Heavy Plow
32:05 Bow Saw
32:36 Gold Shaft Mining
35:55 Elite Ballista Elephant
39:28 Man-at-Arms
41:40 Padded Archer Armor
41:30 Fletching
41:24 Long Swordsman
45:54 Leather Archer Armor
45:35 Bodkin Arrow
45:08 Two-Handed Swordsman
Ruhi TIĞLI
15:10 Feudal Age
15:05 Loom
20:22 Castle Age
19:47 Double-Bit Axe
21:25 Bow Saw
21:41 Gold Mining
21:41 Stone Mining
23:37 Caravan
26:44 Imperial Age
26:17 Wheelbarrow
29:17 Hand Cart
30:10 Horse Collar
33:49 Heavy Plow
34:30 Gold Shaft Mining
34:30 Stone Shaft Mining
34:38 Double Crossbow
34:58 Conscription
36:41 Chemistry
36:04 Ballistics
36:42 Fletching
36:53 Padded Archer Armor
37:00 Siege Engineers
38:57 Heavy Scorpion
42:14 Bodkin Arrow
42:35 Leather Archer Armor
43:11 Capped Ram
44:25 Crop Rotation
44:05 Bracer
44:38 Siege Ram
46:05 Ring Archer Armor
bilenoffice
6:47 Loom
10:24 Feudal Age
11:18 Double-Bit Axe
11:28 Gold Mining
13:25 Wheelbarrow
12:37 Town Watch
15:16 Castle Age
13:19 Horse Collar
13:43 Stone Mining
16:25 Bow Saw
16:53 Gold Shaft Mining
16:42 Heavy Plow
18:17 Stone Shaft Mining
19:15 Wheelbarrow
21:18 Hand Cart
21:45 Town Patrol
23:11 Caravan
26:56 Imperial Age
24:49 Stronghold
29:11 Conscription
30:07 Chemistry
29:19 Fortified Wall
29:05 Murder Holes
30:03 Furor Celtica
30:21 Scale Mail Armor
30:32 Forging
30:58 Onager
32:13 Ballistics
32:04 Masonry
33:43 Siege Onager
34:58 Arrowslits
35:33 Siege Engineers
36:37 Pikeman
37:03 Arson
39:42 Man-at-Arms
40:08 Gambesons
Connection lost

Rejoining the realm…

Still unreachable

The connection could not be restored.

Session expired

The server has moved on; the page needs a fresh start.